 Dungeon Crawl Stone Soup version 0.31-a0-263-ge8cad7f256 (webtiles) character file.

Game seed: 2719314526624235506

39 qw the Shooter (level 3, 0/29 HPs)
             Began as a Minotaur Hexslinger on July 13, 2023.
             Slain by Terence
             ... wielding a +0 flail
              (7 damage)
             ... on level 2 of the Dungeon.
             The game lasted 00:00:24 (1057 turns).

qw the Shooter (Minotaur Hexslinger)                Turns: 1057, Time: 00:00:25

Health: 0/29       AC:  2    Str: 12    XL:     3   Next: 28%
Magic:  3/3        EV: 12    Int: 10    God:
Gold:   71         SH:  0    Dex: 14    Spells: 3/4 levels left

rFire   . . .        Y - +1 sling
rCold   . . .        (no shield)
rNeg    . . .        c - +0 robe
rPois   .            (helmet restricted)
rElec   .            (no cloak)
rCorr   .            (no gloves)
SInv    .            (no boots)
Will    .....        (no amulet)
Stlth   +            (no ring)
HPRegen 0.24/turn    (no ring)
MPRegen 0.08/turn

%: no passive effects
@: about to teleport
A: horns 2, retaliatory headbutt
a: no special abilities


You were on level 2 of the Dungeon.
You visited 1 branch of the dungeon, and saw 4 of its levels.

You collected 71 gold pieces.


Innate Abilities, Weirdness & Mutations

You have a pair of horns on your head.
You reflexively headbutt those who attack you in melee.


   Skills:
 - Level 2.0 Fighting
 + Level 3.8 Ranged Weapons
 - Level 2.1 Dodging
 - Level 1.0 Spellcasting
 - Level 2.0 Hexes


You had 3 spell levels left.
You knew the following spells:

 Your Spells              Type           Power      Damage    Failure   Level
a - Slow                  Hex            16%        N/A       16%         1

Your spell library contained the following spells:

 Spells                   Type           Power      Damage    Failure   Level
 Inner Flame              Hex/Fire       2%         N/A       56%         3
 Portal Projectile        Hex/Tloc       4%         N/A       56%         3
 Cause Fear               Hex            2%         N/A       83%         4

Inventory:

Hand Weapons
 Y - a +1 sling (weapon)
Armour
 c - a +0 robe (worn)
Jewellery
 e - a ring of ice
 g - a ring of fire
Potions
 d - 2 potions of curing
 h - a potion of degeneration {unknown}

Dungeon Overview and Level Annotations

Branches:
Dungeon (4/15)
 Temple: D:4-7

Altars:

Shops:
D:1 !

Annotations:
D:2 Terence


Message History

Enter note:
Enter note:
Enter note:
Enter note:
Enter note:
Enter note:
Enter note:
Enter note:
Enter note: You shoot a sling bullet.
The sling bullet hits the hobgoblin but does no damage.
The hobgoblin shouts!
The hobgoblin hits you. The hobgoblin barely misses you.
You furiously retaliate!
You headbutt the hobgoblin. You shoot a sling bullet.
The sling bullet barely misses the hobgoblin.
Terence barely misses you. The hobgoblin hits you.
You shoot a sling bullet. The sling bullet hits the hobgoblin.
You kill the hobgoblin!
Terence barely misses you.
You shoot a sling bullet. The sling bullet hits Terence.
Terence is moderately wounded.
Terence barely misses you.
You shoot a sling bullet.
The sling bullet closely misses Terence.
Terence misses you.
You shoot a sling bullet. The sling bullet hits Terence.
Terence is heavily wounded.
Terence hits you with a +0 flail. Terence hits you with a +0 flail!
You shoot a sling bullet. The sling bullet hits Terence.
Terence is heavily wounded.
Terence hits you with a +0 flail!
1056 ||| READING scroll of teleportation.
As you read the scroll of teleportation, it crumbles to dust.
You feel strangely unstable. Terence closely misses you.
You shoot a sling bullet. The sling bullet hits Terence.
Terence is severely wounded.
Terence hits you with a +0 flail!
You die...

#########......##.#
##
#.......#.####.##.###
.#########
#.###.......%#.......
.........# #.#
#.#.#.##.#.##.###
..######.# #.#
#.#.#.##...#...## ..#
#.#
#.###.#.#.####.(....#
..######.#
#.......#.# #.#...##
...)..##.#
###.#.###.# #.##.##
#.###.##.# #.#@..##..
..##.# #.# #.##.#
##%@.##### #####.#
#.###.##.# ##.## ##+#
#........# ...
##...## #####.####
#.# ##.....# # ##.##
#?# ##.......
####...######. #.#
#........
+.....<.....). ...
+........
####.....####.
#........


You could see Terence.

Vanquished Creatures
  A shadow imp (D:4)
  A dart slug (D:2)
  3 ball pythons
  An endoplasm (D:2)
  A giant cockroach (D:1)
  2 goblins (D:2)
  6 hobgoblins
  2 kobolds (D:1)
  2 quokkas
  3 bats
  3 frilled lizards
  4 rats
29 creatures vanquished.

Notes
Turn   | Place    | Note
-------+----------+-------------------------------------------
     0 | D:1      | qw the Minotaur Hexslinger began the quest for the Orb.
     0 | D:1      | Reached XP level 1. HP: 16/16 MP: 1/1
     0 | D:1      | 0 ||| qw: Version: 0.3-a-52-g30416fa
     0 | D:1      | 0 ||| qw: Game counter: 7187
     0 | D:1      | 0 ||| qw: Melee chars always use a shield: true
     0 | D:1      | 0 ||| qw: God list: Okawaru
     0 | D:1      | 0 ||| qw: Allow faded altars: false
     0 | D:1      | 0 ||| qw: Do Orc after clearing Dungeon:15 true
     0 | D:1      | 0 ||| qw: Do second Lair branch before Depths: true
     0 | D:1      | 0 ||| qw: Lair rune preference: random
     0 | D:1      | 0 ||| qw: Goals: Normal
     0 | D:1      | 0 ||| PLANNING D:1-11
   106 | D:1      | Found Ukaaprul's Distillery.
   126 | D:1      | Reached skill level 3 in Ranged Weapons
   154 | D:1      | Reached XP level 2. HP: 23/23 MP: 2/2
   157 | D:1      | 157 ||| SHOPLISTING 2 potions of haste (220 gold, have 11).
   157 | D:1      | 157 ||| SHOPLISTING potion of cancellation (88 gold, have
                  | 11).
   157 | D:1      | 157 ||| SHOPLISTING potion of curing (33 gold, have 11).
   157 | D:1      | 157 ||| SHOPLISTING potion of might (44 gold, have 11).
   157 | D:1      | 157 ||| SHOPLISTING potion of resistance (110 gold, have
                  | 11).
   481 | D:1      | 481 ||| READING scroll labelled ROMICR VIYMPEM.
   486 | D:1      | 486 ||| DRINKING 2 green potions.
   487 | D:1      | 487 ||| DROPPING scroll of poison.
   794 | D:2      | You fall into a shaft and drop 2 floors!
   823 | D:4      | Reached XP level 3. HP: 18/29 MP: 3/3
   893 | D:4      | 893 ||| READING scroll labelled QICKUN YPRIKH.
   894 | D:4      | 894 ||| READING scroll labelled YTAF CAIWIPT.
   895 | D:4      | 895 ||| READING scroll labelled NEDAAR XAWNI.
   917 | D:3      | 917 ||| FLEEEEING.
   918 | D:3      | 918 ||| FLEEEEING.
   919 | D:3      | 919 ||| STAIRDANCE
  1048 | D:2      | Noticed Terence
  1055 | D:2      | HP: 6/29 [Terence/+0 flail (9)]
  1056 | D:2      | 1056 ||| READING scroll of teleportation.
  1057 | D:2      | Slain by Terence

Levels and vault maps discovered:
D:1:      dpeg_arrival_three_same_balls, layout_basic, serial_shops, shop
D:2:      layout_loops_corners, uniq_terence
D:3:      minmay_wonky_spiral, layout_rooms, old_standard_altar,
          hellmonk_ghost_happy_afterlife, uniq_ijyb, uniq_jessica
D:4:      layout_gridville, mainiacjoe_overflow_brackets

Skill      XL: |  1  2 |
---------------+-------+-----
Ranged Weapons | 3 |  3.8
Fighting       | 2 |  2.0
Dodging        | |  2.1
Spellcasting   | |  1.0
Hexes          | |  2.0

Action                     || total
---------------------------++-------
   Fire: Sling             ||    73
    Use: Scroll            ||     5
         Potion            ||     1
 Armour: Robe              ||     5
  Dodge: Dodged            ||    24

Table legend:
 A = Non-vault XP
 B = Vault XP
 C = Vault XP percentage of total XP
 D = Non-vault monster count
 E = Vault monster count
 F = Vault count percentage of total count
                 A         B        C        D         E       F
            +---------+---------+-------+---------+---------+-------
      Total |      57 |       0 |   0.0 |      29 |       0 |   0.0
            +---------+---------+-------+---------+---------+-------
        D:1 |      21 |       0 |   0.0 |      14 |       0 |   0.0
        D:2 |      25 |       0 |   0.0 |      14 |       0 |   0.0
        D:4 |      11 |       0 |   0.0 |       1 |       0 |   0.0
            +---------+---------+-------+---------+---------+-------
